AoeStats
← Digital Hazard

Arena

509742869Analyzed
1v1 RM · 5d ago on Sep 27, 2026· 26m 57s· 2 players
Game mode
Random Map
Map size
Tiny (2 player)
Population
200
Speed
Normal
Resources
Standard
Victory
Conquest
Starting age
Dark Age
Ending age
Imperial Age
RankedLock teamsTeams togetherTeam positionsShared explorationLock speedFull tech treeHidden civsTurbo modeCheats
Victory
Defeat
🇨🇿 Byzantines · Czechia
1075
+16
🇵🇹 Burgundians · Portugal
1083
-16
lnstitution
11:38 Feudal Age
12:18 Horse Collar
12:23 Double-Bit Axe
15:19 Castle Age
16:15 Heavy Plow
22:25 Sanctity
22:24 Gold Mining
22:32 Loom
23:33 Redemption
25:39 Wheelbarrow
25:51 Pikeman
26:45 Fervor
26:46 Atonement
Digital Hazard
6:12 Double-Bit Axe
9:49 Feudal Age
13:53 Castle Age
12:47 Bow Saw
12:39 Horse Collar
22:32 Wheelbarrow
22:31 Stone Mining
23:34 Hand Cart
24:07 Gold Mining
26:50 Gold Shaft Mining
29:48 Imperial Age
Connection lost

Rejoining the realm…

Still unreachable

The connection could not be restored.

Session expired

The server has moved on; the page needs a fresh start.